 Dungeon Crawl Stone Soup version 0.27-a0-1060-gcb85b5eba1 (webtiles) character file.

Game seed: 16015666501966177263

438 spiderkeys the Distorting Demonspawn (level 6, -5/48 HPs)
             Began as a Demonspawn Abyssal Knight on Apr 21, 2021.
             Was a Believer of Lugonu.
             Slain by an ice beast (14 damage)
             ... on level 5 of the Dungeon.
             The game lasted 00:06:37 (5745 turns).

spiderkeys the Distorting Demonspawn (DsAK)         Turns: 5745, Time: 00:06:38

Health: -5/48      AC: 10    Str: 14    XL:     6   Next: 69%
Magic:  9/9        EV: 11    Int: 13    God:    Lugonu [**....]
Gold:   273        SH:  0    Dex: 13    Spells: 5/5 levels left

rFire    . . .     SeeInvis .   a - +1 spear
rCold    . . .     Faith    .   (no shield)
rNeg     . . .     Spirit   .   b - +1 leather armour
rPois    .         Reflect  .   c - +2 hat
rElec    .         Harm     .   n - +0 cloak
rCorr    +         Rampage  .   u - +0 pair of gloves
Will     .....                  (no boots)
Stlth    +.........             (no amulet)
HPRegen  0.16/turn              R - ring of resist corrosion
MPRegen  0.11/turn              (no ring)

@: no status effects
A: talons 1, slimy green scales 1, powered by death 1
a: Renounce Religion, Depart the Abyss, Bend Space


You were on level 5 of the Dungeon.
You worshipped Lugonu.
Lugonu was pleased with you.
You visited 1 branch of the dungeon, and saw 5 of its levels.
You visited the Abyss 1 time.

You collected 273 gold pieces.


Innate Abilities, Weirdness & Mutations

You have sharp toenails.
You are partially covered in slimy green scales. (AC +2)
You regenerate a little health from kills.


   Skills:
 + Level 4.3 Fighting
 * Level 4.3 Polearms
 + Level 3.3 Armour
 - Level 1.0 Dodging
 + Level 4.6 Invocations


You had 5 spell levels left.
You didn't know any spells.
Your spell library contained the following spells:

 Spells                   Type           Power      Damage    Failure   Level
 Magic Dart               Conj           0%         1d3       36%         1
 Blink                    Tloc           N/A        N/A       50%         2
 Call Imp                 Summ           0%         N/A       50%         2
 Slow                     Hex            0%         N/A       50%         2
 Conjure Flame            Conj/Fire      0%         6-21      75%         3
 Mephitic Cloud           Conj/Pois/Air  0%         N/A       75%         3

Inventory:

Hand Weapons
 a - a +1 spear (weapon)
 v - the +3 mace of Grand Judgement {drain, rC+ rCorr Str-5}
   (You found it on level 4 of the Dungeon)

   A truly terrible weapon, it drains the life of those it strikes.
   It affects your strength (-5).
   It protects you from cold.
   It protects you from acid and corrosion.
Missiles
 e - 197 stones
 k - 17 poisoned darts
 o - 6 curare-tipped darts {=f}
 r - 14 arrows
 s - a throwing net {=f!f}
 t - 19 sling bullets
Armour
 b - a +1 leather armour (worn)
 c - a +2 hat (worn)
   (You found it on level 1 of the Abyss)
 n - a +0 cloak (worn)
   (You found it on level 3 of the Dungeon)
 u - a +0 pair of gloves (worn)
   (You found it on level 4 of the Dungeon)
Magical Staves
 d - a staff of air {!a}
   (You found it on level 1 of the Dungeon)
 h - a staff of air {!a}
   (You found it on level 1 of the Dungeon)
 l - a staff of conjuration {!a}
   (You took it off a kobold on level 2 of the Dungeon)
Jewellery
 R - a ring of resist corrosion (left hand)
   (You found it on level 3 of the Dungeon)
Scrolls
 i - a scroll of amnesia
 q - 2 scrolls of identify {@r1}
Potions
 f - a potion of degeneration {unknown}
 g - a potion of brilliance {unknown}
 j - 3 potions of lignification {unknown}
 m - a potion of heal wounds {unknown}
 p - a potion of curing {unknown}

Dungeon Overview and Level Annotations

Branches:
Dungeon (5/15)
 Temple: D:4-7

Altars:
Dithmenos
Okawaru
Ru
The Shining One

Shops:
D:1 *

Annotations:
D:4 Eustachio

.................<.#
...................#
....................#
......................
..........#............
........###..............
.......>##.......$..#....
........###.Y......###..#
..?.........@..##..
.>..........<.##
...........[...#
...............#
..............#.#
.............##..#
.............. .#
.............. ..
.............# #.


You could see an ice beast.


Message History

You barely miss the ice beast. Your kick misses the ice beast.
The ice beast closely misses you.
You closely miss the ice beast. You hit the ice beast but do no damage.
You claw the ice beast, but do no damage.
The ice beast closely misses you.
You closely miss the ice beast. You claw the ice beast.
The ice beast closely misses you.
You hit the ice beast but do no damage.
You claw the ice beast, but do no damage.
The ice beast barely misses you.
You hit the ice beast but do no damage. Your kick misses the ice beast.
The ice beast hits you but does no damage.
You hit the ice beast. Your kick misses the ice beast.
The ice beast hits you but does no damage.
You hit the ice beast. The ice beast misses you.
You hit the ice beast. Your kick misses the ice beast.
The ice beast hits you but does no damage.
You hit the ice beast.
The ice beast hits you but does no damage.
You hit the ice beast but do no damage.
The ice beast hits you but does no damage.
You closely miss the ice beast.
An ice beast comes into view.
You hit the ice beast.
The ice beast hits you but does no damage.
You hit the ice beast. Your kick misses the ice beast.
The ice beast barely misses you.
You hit the ice beast.
The ice beast hits you but does no damage.
You hit the ice beast.
You kill the ice beast!
Lugonu accepts your kill.
You hit the ice beast. You claw the ice beast. The ice beast barely misses you.
You hit the ice beast.
The ice beast hits you but does no damage.
You hit the ice beast. Your kick misses the ice beast.
The ice beast closely misses you.
You hit the ice beast but do no damage.
The ice beast hits you but does no damage.
You barely miss the ice beast.
You claw the ice beast, but do no damage.
You hit the ice beast but do no damage. You claw the ice beast.
The ice beast barely misses you.
You hit the ice beast but do no damage. Your kick misses the ice beast.
The ice beast completely misses you.
You barely miss the ice beast.
You claw the ice beast, but do no damage.
The ice beast barely misses you.
You barely miss the ice beast. You claw the ice beast.
The ice beast barely misses you.
You closely miss the ice beast.
You claw the ice beast, but do no damage.
The ice beast hits you but does no damage.
You barely miss the ice beast. The ice beast hits you.
The ice beast freezes you! 😕 HP[-8]
You take 8 damage, and now have 40/48 hp.
You closely miss the ice beast. The ice beast hits you.
The ice beast freezes you! 😮 HP[-10]
You take 10 damage, and now have 30/48 hp.
MASSIVE DAMAGE!! (PAUSE)
You closely miss the ice beast. The ice beast closely misses you.
You closely miss the ice beast. You hit the ice beast but do no damage.
Your kick misses the ice beast. The ice beast closely misses you.
You hit the ice beast but do no damage. You claw the ice beast.
The ice beast hits you but does no damage.
You hit the ice beast. The ice beast completely misses you.
You hit the ice beast. Your kick misses the ice beast.
The ice beast closely misses you. 😮 HP[+1]
You hit the ice beast but do no damage. Your kick misses the ice beast.
The ice beast hits you. The ice beast freezes you!
* * * LOW HITPOINT WARNING * * *
😨 HP[-9]
You take 9 damage, and now have 22/48 hp.
You closely miss the ice beast. The ice beast closely misses you.
You closely miss the ice beast.
The ice beast hits you but does no damage.
You barely miss the ice beast. Your kick misses the ice beast.
The ice beast barely misses you.
You completely miss the ice beast. You hit the ice beast but do no damage.
The ice beast hits you but does no damage.
You closely miss the ice beast. Your kick misses the ice beast.
The ice beast barely misses you. 😨 HP[+1]
You barely miss the ice beast. The ice beast hits you.
* * * LOW HITPOINT WARNING * * *
The ice beast freezes you!
* * * LOW HITPOINT WARNING * * *
😱 HP[-11]
You take 11 damage, and now have 12/48 hp.
MASSIVE DAMAGE!! (PAUSE)
You barely miss the ice beast. You claw the ice beast. The ice beast hits you.
* * * LOW HITPOINT WARNING * * *
The ice beast freezes you!
You die...

Skill      XL: |  1  2  3  4  5  6 |
---------------+-------------------+-----
Dodging        | 1 |  1.0
Polearms       | 2 3 4 |  4.3
Armour         | 2 3 |  3.3
Invocations    | 3 4 |  4.6
Fighting       | 4 |  4.3

Action                   |  1- 3 |  4- 6 || total
-------------------------+-------+-------++-------
Melee: Spear             |   149 |   228 ||   377
       Kick              |       |    34 ||    34
Invok: Depart the Abyss  |     1 |       ||     1
  Use: Scroll            |     6 |     1 ||     7
 Stab: Sleeping          |     2 |       ||     2
Armor: Leather armour    |    37 |    67 ||   104
Dodge: Dodged            |    46 |   105 ||   151

Levels and vault maps discovered:
D:1:      dpeg_arrival_rhombi, layout_basic, serial_shops, nicolae_shop_crystal,
          st_stairs_11
D:2:      kennysheep_the_goblin_king, layout_basic,
          chequers_ecumenical_altar_simple, kennysheep_cluttered_room
D:3:      layout_basic, grunt_decor_one_mirror
D:4:      layout_cave_pods, nicolae_overflow_crystal_walls,
          nicolae_overflow_hidden_temple, amcnicky_altar_gilded,
          nicolae_ru_sacrificial_ziggurat, uniq_eustachio
D:5:      layout_cave_pools, nicolae_gozag_seed_capital, lemuel_crystal_altar,
          serial_park_tiny_pond

Notes
Turn   | Place    | Note
-------+----------+-------------------------------------------
     0 | Abyss:1  | spiderkeys the Demonspawn Abyssal Knight began the quest
                  | for the Orb.
     0 | Abyss:1  | Reached XP level 1. HP: 18/18 MP: 2/2
     0 | Abyss:1  | magus.rc [v1.9.10]
    10 | Abyss:1  | Found a corrupted altar of Lugonu.
    40 | Abyss:1  | Found a corrupted altar of Lugonu.
    90 | Abyss:2  | Found a corrupted altar of Lugonu.
    97 | Abyss:2  | Noticed a ynoxinul
   103 | D:1      | You pass through the gate.
   103 | D:1      | Escaped the Abyss
   120 | D:1      | Found Awkaphu's General Store.
   350 | D:1      | You fall into a shaft and drop 1 floor!
   363 | D:2      | Reached skill level 1 in Dodging
   368 | D:2      | Reached * piety under Lugonu
   369 | D:2      | Reached skill level 2 in Polearms
   375 | D:2      | Gained mutation: You are partially covered in slimy green
                  | scales. (AC +2) [demonic ancestry]
   375 | D:2      | Reached XP level 2. HP: 16/24 MP: 4/4
   525 | D:1      | Reached skill level 2 in Armour
   996 | D:1      | Reached skill level 3 in Invocations
   996 | D:1      | Reached XP level 3. HP: 29/29 MP: 5/5
  1921 | D:2      | Reached ** piety under Lugonu
  2232 | D:2      | Found a faded altar of an unknown god.
  2246 | D:2      | You pick up a book of Minor Magic and begin reading...
  2246 | D:2      | You add the spells Magic Dart, Blink, Call Imp, Slow,
                  | Conjure Flame and Mephitic Cloud to your library.
  2626 | D:3      | Gained mutation: You regenerate a little health from kills.
                  | [demonic ancestry]
  2626 | D:3      | Reached XP level 4. HP: 27/35 MP: 6/6
  3074 | D:3      | Reached skill level 3 in Polearms
  3729 | D:3      | Gained mutation: You have sharp toenails. [demonic
                  | ancestry]
  3729 | D:3      | Reached XP level 5. HP: 42/42 MP: 7/7
  4354 | D:4      | Noticed Eustachio
  4434 | D:4      | Found an iron altar of Okawaru.
  4543 | D:4      | Found a shadowy altar of Dithmenos.
  4667 | D:4      | Found a sacrificial altar of Ru.
  4701 | D:4      | Reached skill level 4 in Invocations
  4832 | D:4      | Identified the +3 mace of Grand Judgement {drain, rC+ rCorr
                  | Str-5}
  5376 | D:5      | Entered Level 5 of the Dungeon
  5378 | D:5      | Noticed a phantom
  5418 | D:4      | Killed a phantom
  5419 | D:4      | Reached skill level 4 in Fighting
  5419 | D:4      | Reached skill level 3 in Armour
  5419 | D:4      | Reached XP level 6. HP: 32/48 MP: 9/9
  5532 | D:5      | Noticed an ice beast
  5540 | D:4      | Reached skill level 4 in Polearms
  5713 | D:5      | Noticed an ice beast
  5717 | D:5      | Killed an ice beast
  5744 | D:5      | HP: 12/48 [ice beast (8)]
  5745 | D:5      | Slain by an ice beast

Vanquished Creatures
  An ice beast (D:5)
  A phantom (D:4)
  A hound (D:3)
  2 orc priests
  An iguana (D:4)
  3 gnolls (D:4)
  3 adders
  A worm (D:2)
  8 orcs
  7 endoplasms
  4 giant cockroaches
  10 goblins
  8 hobgoblins
  A jackal (D:1)
  4 quokkas
  4 ball pythons
  A bat (D:1)
  2 frilled lizards
  10 kobolds
  9 rats
81 creatures vanquished.

Vanquished Creatures (others)
  An orc wizard (D:3)
1 creature vanquished.

Grand Total: 82 creatures vanquished

Table legend:
 A = Non-vault XP
 B = Vault XP
 C = Vault XP percentage of total XP
 D = Non-vault monster count
 E = Vault monster count
 F = Vault count percentage of total count
                 A         B        C        D         E       F
            +---------+---------+-------+---------+---------+-------
      Total |     608 |      18 |   2.9 |      72 |      10 |  12.2
            +---------+---------+-------+---------+---------+-------
        D:1 |      39 |       5 |  11.4 |      18 |       3 |  14.3
        D:2 |      43 |      13 |  23.2 |      17 |       7 |  29.2
        D:3 |     139 |       0 |   0.0 |      19 |       0 |   0.0
        D:4 |     252 |       0 |   0.0 |      16 |       0 |   0.0
        D:5 |     135 |       0 |   0.0 |       2 |       0 |   0.0
            +---------+---------+-------+---------+---------+-------

Illustrated notes

Table legend:
 A = Kills in this place as a percentage of kills in entire the game.
 B = Kills by you in this place as a percentage of kills by you in the entire game.
 C = Kills by friends in this place as a percentage of kills by friends in the entire game.
 D = Other kills in this place as a percentage of other kills in the entire game.
 E = Experience gained in this place as a percentage of experience gained in the entire game.
 F = Experience gained in this place divided by the number of levels of this place that you have seen.
                   A       B       C       D       E      F
               +-------+-------+-------+-------+-------+----------------------
         Total | 100.0 | 100.0 |   N/A | 100.0 | 100.0 |  89.4
       Dungeon | 100.0 | 100.0 |   N/A | 100.0 | 100.0 | 125.2
               +-------+-------+-------+-------+-------+----------------------

Table legend: (Time is in decaauts)
 A = Elapsed time spent in this place.
 B = Non-inter-level travel time spent in this place.
 C = Inter-level travel time spent in this place.
 D = Time resting spent in this place.
 E = Time spent auto-exploring this place.
 F = Levels seen in this place.
 G = Mean time per level.
                   A        B        C        D        E       F      G
               +--------+--------+--------+--------+--------+-----+--------+
         Total |   5732 |   5387 |    345 |    736 |   3876 |   7 |  818.9 |
       Dungeon |   5629 |   5284 |    345 |    736 |   3795 |   5 | 1125.8 |
         Abyss |    102 |    102 |      0 |      0 |     81 |   2 |   51.0 |
               +--------+--------+--------+--------+--------+-----+--------+

Top non-repeatable levels by time:
     D:3: 1433 daAuts
     D:2: 1414 daAuts
     D:4: 1388 daAuts
     D:1: 1316 daAuts
 Abyss:1: 90 daAuts
     D:5: 76 daAuts
 Abyss:2: 12 daAuts
